 Dungeon Crawl Stone Soup version 0.28-a0-845-gfc338a8e3c (webtiles) character file.

Game seed: 8548331674927527356

81 croobank the Covert (level 4, -2/21 HPs)
             Began as a Felid Delver on Nov 13, 2021.
             Slain by Grinder (5 damage)
             ... on level 3 of the Dungeon.
             The game lasted 00:17:53 (2765 turns).

croobank the Covert (Felid Delver)                  Turns: 2765, Time: 00:17:54

Health: -2/21      AC:  1    Str:  9    XL:     4   Next: 20%
Magic:  5/5        EV: 18    Int: 11    God:
Gold:   178        SH:  0    Dex: 17    Spells: 3/3 levels left
                                        Lives:  0   Deaths: 1

rFire   . . .      SeeInvis +     - Unarmed
rCold   . . .      Faith    .   (shield unavailable)
rNeg    . . .      Spirit   .   (armour unavailable)
rPois   +          Reflect  .   (helmet unavailable)
rElec   .          Harm     .   (cloak unavailable)
rCorr   .          Rampage  .   (gloves unavailable)
Will    .....                   (boots unavailable)
Stlth   ++++......              (no amulet)
HPRegen 0.07/turn               h - ring of poison resistance
MPRegen 0.09/turn               (no ring)

@: mighty, quick
A: very small, claws 1, fangs 3, see invisible, speed 1, shaggy fur 1, stealthy
paws, no weapons or thrown items, no armour, multi-lived
a: no special abilities


You were on level 3 of the Dungeon.
You visited 1 branch of the dungeon, and saw 5 of its levels.

You collected 178 gold pieces.

Inventory:

Missiles
 i - 44 arrows
Jewellery
 h - a ring of poison resistance (left paw)
Wands
 e - a wand of digging (3)
Scrolls
 a - a scroll of fog
 b - 2 scrolls of magic mapping
 c - a scroll of fear
 j - 3 scrolls of identify {unknown}
 l - a scroll of amnesia {unknown}
 m - a scroll of enchant weapon {unknown}
 n - a scroll of teleportation {unknown}
Potions
 d - a potion of haste
 f - a potion of flight {unknown}
 o - a potion of curing


   Skills:
 + Level 3.1 Fighting
 + Level 3.2 Dodging
 + Level 8.1 Stealth
 + Level 3.4 Unarmed Combat


You had 3 spell levels left.
You didn't know any spells.
Your spell library contained the following spells:

 Spells                   Type           Power      Damage    Failure   Level
 Dazzling Flash           Conj/Hex       0%         N/A       71%         3
 Iskenderun's Mystic Bla  Conj/Tloc      0%         2d3       98%         4
 Starburst                Conj/Fire      0%         6d3       100%        6


Dungeon Overview and Level Annotations

Branches:
Dungeon (5/15)
 Temple: D:4-7

Altars:

Annotations:
D:3 Grinder
D:4 Menkaure
D:5 3 runed translucent doors, oldriver's ghost, novice DjAE


Innate Abilities, Weirdness & Mutations

You have sharp claws.
You have razor-sharp teeth.
You have supernaturally acute eyesight. (SInv)
You cover ground quickly. (Speed+)
You are covered in fur. (AC +1)
Your paws help you pounce on unaware monsters.
You are incapable of wielding weapons or throwing items.
You cannot wear armour.
You gain extra lives every three experience levels.


Message History

A frilled lizard comes into view.
The frilled lizard hisses angrily.
You scratch the frilled lizard.
You kill the frilled lizard!
You are a level 4 Felid Delver.
You are 18% of the way to level 5.
You'll get an extra life in 2.82 levels' worth of XP.
Play time: 00:16:40 (2709 turns).
Zot will find you in 26090 turns if you stay in this branch and explore no new floors.
Done exploring.
(D) Dungeon
Where to? (Enter - D:2, ? - help)
There is an open door here.
There is an open door here.
There is a stone staircase leading up here.
There is a stone staircase leading down here.
You climb downwards.
Found an escape hatch in the floor.
There is a stone staircase leading up here.
A kobold is nearby!
Found 19 gold pieces.
Found 18 poisoned darts.
Found a stone staircase leading down.
You pounce on the unaware helpless kobold!
You eviscerate the kobold!!!
You kill the kobold!
Grinder comes into view.
You see here a +0 dagger.
Grinder shouts!
Grinder gestures at you. You resist with some effort.
You see here 19 gold pieces.
You feel very mighty all of a sudden. Grinder gestures at you.
Pain shoots through your body! Grinder gestures at you.
Pain shoots through your body!
You completely miss Grinder. Grinder barely misses you.
You barely miss Grinder. Your bite misses Grinder. Grinder hits you!
* * * LOW HITPOINT WARNING * * *
You writhe in agony.
You die...

#..# ... ≈## #..# .....
.# ≈≈≈# #..# .... .#
...# #..####.####.#
....####............###
#............ ......#
#........#.####.....#
##......$.)..........#
#...5@......###..<>..#
.............#.........#
.#...#....#..#.#########
.... #.........# ...
....#......# ..
##....(>....# .
#...#......# ....##.....


You could see Grinder.

Vanquished Creatures
  Natasha (D:2)
  Robin (D:2)
  An adder (D:2)
  An adder zombie (D:5)
  3 dart slugs
  4 ball pythons
  3 endoplasms (D:2)
  2 giant cockroaches (D:1)
  11 goblins (D:2)
  12 hobgoblins
  4 jackals (D:1)
  2 quokkas
  5 bats
  4 frilled lizards
  4 kobolds
  A rat (D:2)
59 creatures vanquished.

Vanquished Creatures (others)
  5 plants (D:1)
  4 toadstools (D:1)
9 creatures vanquished.

Grand Total: 68 creatures vanquished

Notes
Turn   | Place    | Note
-------+----------+-------------------------------------------
     0 | D:5      | croobank the Felid Delver began the quest for the Orb.
     0 | D:5      | Reached XP level 1. HP: 10/10 MP: 2/2
     4 | D:5      | Found a runed translucent gate.
     9 | D:5      | Found a runed translucent gate.
    10 | D:5      | Found a runed translucent gate.
    10 | D:5      | Noticed a sky beast
    10 | D:5      | Noticed oldriver's ghost (novice DjAE)
    13 | D:5      | Noticed a scorpion
   111 | D:5      | Reached skill level 7 in Stealth
   127 | D:4      | Noticed a howler monkey
   133 | D:4      | Noticed Menkaure
   171 | D:4      | Noticed an orc wizard
   208 | D:3      | Reached XP level 2. HP: 13/14 MP: 3/3
   556 | D:1      | Reached XP level 3. HP: 6/17 MP: 4/4
  1019 | D:1      | Found a faded altar of an unknown god.
  1694 | D:2      | Noticed Robin
  1708 | D:2      | Reached XP level 4. HP: 8/21 MP: 5/5
  1710 | D:2      | HP: 1/21 [hobgoblin[Robin] (7)]
  1712 | D:2      | Hit by a goblin thrown by Robin
  1713 | D:2      | Reached XP level 3. HP: -1/17 MP: 4/4
  1811 | D:2      | Killed Robin
  1823 | D:2      | Reached skill level 8 in Stealth
  2218 | D:2      | Noticed Natasha
  2226 | D:2      | Killed Natasha
  2227 | D:2      | Reached XP level 4. HP: 9/21 MP: 5/5
  2757 | D:3      | Noticed Grinder
  2765 | D:3      | Slain by Grinder

Illustrated notes

Levels and vault maps discovered:
D:1:      ldierk_water_garden, layout_basic, basic_ecumenical_altar,
          serial_bayou_pond_b, minmay_tiny_reverse_x
D:2:      layout_basic, minmay_crystal_room, uniq_robin, uniq_natasha
D:3:      layout_rooms, old_standard_altar, serial_rivers,
          chequers_serial_rivers_large_b, chequers_serial_rivers_micro_a,
          chequers_serial_rivers_small_a, chequers_serial_rivers_small_a,
          minmay_increasing_density, uniq_grinder
D:4:      layout_cave_pools, grunt_temple_overflow_champion_of_chaos,
          nicolae_ashenzari_panopticon, minmay_temple_entry_poolview,
          portal_sewer_entry_d, uniq_crazy_yiuf_cottage, uniq_menkaure
D:5:      layout_rooms, mainiacjoe_overflow_alcove_4, gammafunk_ghost_split

Skill      XL: |  1  2  3 |
---------------+----------+-----
Stealth        | 7 8 |  8.1
Dodging        | 3 |  3.2
Unarmed Combat | 3 |  3.4
Fighting       | |  3.1

Action                   |  1- 3 |  4- 6 || total
-------------------------+-------+-------++-------
Melee: Unarmed           |   172 |     8 ||   180
       Bite              |    15 |       ||    15
       Punch             |     3 |       ||     3
  Use: Potion            |     5 |     2 ||     7
       Scroll            |     1 |       ||     1
 Stab: Sleeping          |    11 |     1 ||    12
       Fleeing           |     1 |       ||     1
Armor: Skin              |    11 |       ||    11
Dodge: Dodged            |   125 |     4 ||   129

Table legend: (Time is in decaauts)
 A = Elapsed time spent in this place.
 B = Non-inter-level travel time spent in this place.
 C = Inter-level travel time spent in this place.
 D = Time resting spent in this place.
 E = Time spent auto-exploring this place.
 F = Levels seen in this place.
 G = Mean time per level.
                   A        B        C        D        E       F      G
               +--------+--------+--------+--------+--------+-----+--------+
         Total |   2464 |   2429 |     35 |    383 |   1336 |   5 |  492.8 |
       Dungeon |   2464 |   2429 |     35 |    383 |   1336 |   5 |  492.8 |
               +--------+--------+--------+--------+--------+-----+--------+

Top non-repeatable levels by time:
     D:1: 1317 daAuts
     D:2: 948 daAuts
     D:5: 106 daAuts
     D:4: 56 daAuts
     D:3: 36 daAuts
